 Dungeon Crawl Stone Soup version 0.23.0 (webtiles) character file.

Game seed: 17163932776482126326

793 inmateoo the Skirmisher (level 7, -7/68 HPs)
             Began as a Deep Dwarf Ice Elementalist on Feb 10, 2019.
             Mangled by an ogre
             ... wielding a cursed -2 giant club
              (13 damage)
             ... on level 5 of the Dungeon.
             The game lasted 00:06:59 (2915 turns).

inmateoo the Skirmisher (DDIE)                      Turns: 2915, Time: 00:07:00

Health: -7/68      AC:  8    Str: 13    XL:     7   Next: 57%
Magic:  2/8        EV: 12    Int: 16    God:
Gold:   146        SH:  0    Dex: 13    Spells: 4/10 levels left

rFire    . . .     SeeInvis .   u - +0 war axe
rCold    . . .     Gourm    .   (no shield)
rNeg     . . .     Faith    .   a - +0 robe
rPois    +         Spirit   .   s - +0 helmet
rElec    .         Reflect  .   (no cloak)
rCorr    .         Harm     .   (no gloves)
MR       +....                  (no boots)
Stlth    ++........             (no amulet)
HPRegen  0.00/turn              r - ring of poison resistance
MPRegen  0.11/turn              (no ring)

@: icy armour, non-regenerating
A: damage resistance, heal wounds, sense surroundings 1, no regeneration
a: Heal Wounds


You were on level 5 of the Dungeon.
You were not hungry.

You visited 1 branch of the dungeon, and saw 5 of its levels.

You collected 146 gold pieces.

Inventory:

Hand Weapons
 d - a +0 whip
 n - a +0 hand axe
 u - a +0 war axe (weapon)
 y - a +0 spear
Armour
 a - a +0 robe (worn)
 i - a +0 buckler
 k - a +0 chain mail
 s - a +0 helmet (worn)
Jewellery
 r - a ring of poison resistance (left hand)
Wands
 t - a wand of digging (6)
 x - a wand of acid (13)
Scrolls
 b - a scroll of enchant armour {unknown}
 e - 2 scrolls of teleportation {unknown}
 f - 2 scrolls of amnesia {unknown}
 g - 7 scrolls of remove curse {unknown}
 h - 5 scrolls of identify {unknown}
 o - a scroll of immolation {unknown}
 v - a scroll of fear {unknown}
 w - a scroll of fog {unknown}
Potions
 j - a potion of magic {unknown}
 l - 2 potions of flight {unknown}
 m - 2 potions of haste {unknown}
 p - 3 potions of curing {unknown}
 q - a potion of heal wounds {unknown}
 A - a potion of degeneration {unknown}
Comestibles
 c - 7 rations


   Skills:
 * Level 5.7 Fighting
 * Level 5.5 Axes
 - Level 2.1 Dodging
 - Level 2.4 Stealth
 - Level 2.0 Spellcasting
 - Level 0.8 Conjurations
 - Level 3.0 Ice Magic


You had 4 spell levels left.
You knew the following spells:

 Your Spells              Type           Power        Failure   Level  Hunger
a - Freeze                Ice            ##..         6%          1    #......
b - Throw Frost           Conj/Ice       #.....       14%         2    ###....
c - Ozocubu's Armour      Chrm/Ice       #.......     32%         3    ###....

Your spell library contained the following spells:

 Spells                   Type           Power        Failure   Level  Hunger
 Throw Icicle             Conj/Ice       #.......     67%         4    #####..
 Summon Ice Beast         Ice/Summ       #.......     73%         4    #####..


Dungeon Overview and Level Annotations

Branches:
Dungeon (5/15)
 Temple: D:4-7

Altars:
Fedhas
Gozag
Uskayaw
The Shining One


Innate Abilities, Weirdness & Mutations

You are resistant to damage.
You can heal yourself by infusing magical energy.
You passively map a small area around you.
You do not regenerate.


Message History

The ogre closely misses you. The phantom hits you.
Unknown command.
Unknown command.
You hit the phantom.
The phantom is lightly damaged.
You hit the ogre.
The ogre hits you with a cursed -2 giant club!
The phantom hits you.
The phantom blinks!
Unknown command.
You miss the phantom.
The phantom is lightly damaged.
You hit the ogre but do no damage.
The ogre hits you with a cursed -2 giant club!
* * * LOW HITPOINT WARNING * * *
The phantom hits you.
* * * LOW HITPOINT WARNING * * *
Okay, then.
You fail to use your ability.
The phantom barely misses you.
The ogre hits you with a cursed -2 giant club!
You die...

############# #..W@OO.....######
########.#########......####
######........<.#######>####.....
......[.......#.##...............
.#####.#####..#.##.....#...#.#...
#.# #..(..#......#.#...#.# , #.#
#.........#...#.....#. ,, ,..#
##....#....#..#.....#. ###
#.#.##.#...###.....##


You could see a phantom and 2 ogres.

Vanquished Creatures
  Sigmund (D:5)
  Eustachio (D:5)
  A scorpion (D:4)
  A howler monkey (D:4)
  2 crimson imps (D:5)
  2 orc priests (D:4)
  A centaur skeleton (D:5)
  An iguana (D:4)
  2 orc wizards (D:4)
  A worker ant (D:5)
  A worker ant zombie (D:5)
  A howler monkey skeleton (D:4)
  2 gnolls (D:5)
  5 adders
  A shadow imp (D:5)
  An adder skeleton (D:5)
  3 leopard geckos
  7 orcs
  8 bats
  3 giant cockroaches (D:1)
  5 goblins
  2 hobgoblins
  2 jackals (D:3)
  3 quokkas
  2 ball pythons (D:3)
  2 frilled lizards
  6 kobolds
  8 rats
75 creatures vanquished.

Notes
Turn   | Place    | Note
-------+----------+-------------------------------------------
     0 | D:1      | inmateoo the Deep Dwarf Ice Elementalist began the quest
                  | for the Orb.
     0 | D:1      | Reached XP level 1. HP: 15/15 MP: 3/3
   202 | D:1      | Reached skill level 1 in Fighting
   202 | D:1      | Reached XP level 2. HP: 17/25 MP: 1/4
   590 | D:1      | You fall through a shaft!
   666 | D:3      | Reached XP level 3. HP: 14/32 MP: 3/6
  1093 | D:3      | Found a hide-covered altar of Uskayaw.
  1129 | D:3      | Found a glowing golden altar of the Shining One.
  1138 | D:3      | Reached XP level 4. HP: 18/40 MP: 0/7
  1145 | D:3      | Found an opulent altar of Gozag.
  1688 | D:4      | Reached skill level 1 in Axes
  1737 | D:5      | Entered Level 5 of the Dungeon
  1764 | D:5      | Learned a level 2 spell: Throw Frost
  1824 | D:5      | Noticed an ogre
  1846 | D:4      | Learned a level 3 spell: Ozocubu's Armour
  1863 | D:5      | Noticed an ice beast
  1919 | D:4      | Reached XP level 5. HP: 7/49 MP: 3/8
  1919 | D:4      | HP: 1/49 [orc wizard/puff of flame (6)]
  1992 | D:4      | Found a blossoming altar of Fedhas.
  2089 | D:4      | Reached XP level 6. HP: 34/57 MP: 0/8
  2363 | D:5      | Noticed Sigmund
  2371 | D:5      | Killed Sigmund
  2371 | D:5      | Reached skill level 5 in Fighting
  2371 | D:5      | Reached XP level 7. HP: 45/67 MP: 9/9
  2386 | D:5      | Noticed Eustachio
  2456 | D:5      | Killed Eustachio
  2456 | D:5      | Reached skill level 5 in Axes
  2915 | D:5      | Mangled by an ogre

Skill      XL: |  1  2  3  4  5  6  7 |
---------------+----------------------+-----
Fighting       | 1 2 3 4 5 |  5.7
Spellcasting   | 2 |  2.0
Ice Magic      | 3 |  3.0
Axes           | 2 3 4 5 |  5.5
Dodging        | |  2.1
Stealth        | |  2.4
Conjurations   | |  0.8

Action                   |  1- 3 |  4- 6 |  7- 9 || total
-------------------------+-------+-------+-------++-------
Melee: Whip              |    33 |   101 |     5 ||   139
       Spear             |       |       |    13 ||    13
       War axe           |       |       |     4 ||     4
 Cast: Freeze            |    49 |    54 |    34 ||   137
       Ozocubu's Armour  |       |       |     2 ||     2
 Abil: Heal Wounds       |     1 |     7 |     3 ||    11
Evoke: Wand              |       |     1 |     6 ||     7
 Stab: Distracted        |       |     1 |       ||     1
  Eat: Chunk             |     2 |     4 |     3 ||     9
Armor: Robe              |    20 |    41 |    10 ||    71
Dodge: Dodged            |    56 |   104 |    35 ||   195
